AoeStats
← Dogga

Migration

510272436Analyzed
1v1 RM · 13h ago on Sep 30, 2026· 35m 34s· 2 players
Game mode
Random Map
Map size
132×132
Population
200
Speed
Normal
Resources
Standard
Victory
Conquest
Starting age
Dark Age
Ending age
Imperial Age
RankedLock teamsTeams togetherTeam positionsShared explorationLock speedFull tech treeHidden civsTurbo modeCheats
Victory
Defeat
🇨🇿 Portuguese · Czechia
999
+15
🇦🇺 Spanish · Australia
983
-15
Dogga
10:57 Feudal Age
9:12 Loom
11:43 Double-Bit Axe
16:45 Forging
16:25 Fletching
17:23 Gold Mining
18:44 Town Watch
27:34 Castle Age
MILOS DJUKIC
9:13 Feudal Age
10:10 Double-Bit Axe
15:03 Loom
19:48 Castle Age
17:46 Horse Collar
18:21 Gold Mining
20:59 Forging
32:19 Imperial Age
30:03 Fletching
30:58 Heavy Plow
31:29 Bodkin Arrow
Connection lost

Rejoining the realm…

Still unreachable

The connection could not be restored.

Session expired

The server has moved on; the page needs a fresh start.